 Dungeon Crawl Stone Soup version 0.21.1-1-g345015f (webtiles) character file.

65 GrunderHorse the Shooter (level 3, -1/30 HPs)
             Began as a Centaur Arcane Marksman on Apr 19, 2018.
             Killed from afar by an orc wizard (11 damage)
             ... with a puff of frost
             ... on level 3 of the Dungeon.
             The game lasted 00:03:27 (2991 turns).

GrunderHorse the Shooter (Centaur Arcane Marksman)  Turns: 2991, Time: 00:03:29

Health: -1/30      AC:  5    Str: 12    XL:     3   Next: 94%
Magic:  4/4        EV:  9    Int: 12    God:
Gold:   165        SH:  0    Dex: 10    Spells: 1/4 levels left

rFire    . . .     SeeInvis .   a - +0 shortbow
rCold    . . .     Gourm    .   (shield currently unavailable)
rNeg     . . .     Faith    .   e - +0 robe
rPois    .         Spirit   .   (no helmet)
rElec    .         Reflect  .   (no cloak)
rCorr    .         Harm     .   k - +0 pair of gloves
MR       .....                  (no barding)
Stlth    +.........             (no amulet)
HPRegen  0.10/turn              (no ring)
MPRegen  0.09/turn              (no ring)

@: very quick
A: large, hooves 3, deformed body, speed 2, tough skin 3
a: no special abilities


You were on level 3 of the Dungeon.
You were not hungry.

You visited 1 branch of the dungeon, and saw 3 of its levels.

You collected 165 gold pieces.

Inventory:

Hand Weapons
 a - a +0 shortbow (weapon)
 b - a +0 whip
Missiles
 d - 45 arrows (quivered)
Armour
 e - a +0 robe (worn)
 k - a +0 pair of gloves (worn)
Scrolls
 g - 4 scrolls of remove curse {unknown}
 i - a scroll of random uselessness {unknown}
 j - a scroll of fog {unknown}
 l - 7 scrolls of identify {unknown}
Potions
 h - 2 potions of curing {unknown}
 m - a potion of cancellation {unknown}
 n - a potion of flight {unknown}
 o - a potion of invisibility {unknown}
 p - a potion of agility {unknown}
Books
 c - a book of Debilitation

   Spells                             Type                      Level
   a - Corona                         Hexes                        1
   b - Slow                           Hexes                        2
   c - Inner Flame                    Hexes/Fire                   3
   d - Portal Projectile              Hexes/Translocation          3
   e - Cause Fear                     Hexes                        4
   f - Leda's Liquefaction            Hexes/Earth                  4
Comestibles
 f - 7 rations


   Skills:
 * Level 2.7 Fighting
 + Level 3.6 Bows
 - Level 1.3 Dodging
 - Level 1.0 Spellcasting
 + Level 3.2 Hexes


You had one spell level left.
You knew the following spells:

 Your Spells              Type           Power        Failure   Level  Hunger
a - Corona                Hex            #......      8%          1    ##.....
b - Slow                  Hex            #.......     12%         2    ###....


Dungeon Overview and Level Annotations

Branches:
Dungeon (3/15)

Altars:


Innate Abilities, Weirdness & Mutations

You have hooves in place of feet.
Armour fits poorly on your strangely shaped body.
You cover ground very quickly.
You have extremely tough skin. (AC +3)


Message History

Press: ? - help, Shift-Dir - straight line, f/p - orc
Aim: an orc, wielding a hand axe (heavily wounded)
You shoot an arrow. The arrow hits the orc!
You kill the orc!
Something hits you. x2
You are too injured to fight recklessly!
You are too injured to fight recklessly!
Firing (i - inventory):
d - 47 arrows (quivered)
Press: ? - help, Shift-Dir - straight line You shoot an arrow.
Something hits you but does no damage.
Firing (i - inventory):
d - 46 arrows (quivered)
Press: ? - help, Shift-Dir - straight line You shoot an arrow.
You hear some strange, mumbled words.
A magic dart appears from out of thin air!
The magic dart hits you!
You hear some strange, mumbled words.
A puff of frost appears from out of thin air!
The puff of frost hits you!
You die...

#.##.# #(# #.#.# #.#
#.##.########.###.#.# #.#
#.##.......##.....#.## #.#
#.#...####.########..# #.#
#.#...............##.# #(.
#.#...####.######.##.# ###
#.##### #.# #.##.# ######## #.#
#.######.##>###.......
#.########....@{..(..(.(.(.....
#...........#.###.##.###...####
###########.................#
################.## ###


There were no monsters in sight!

Vanquished Creatures
  3 adders
  A dart slug (D:2)
  A leopard gecko (D:2)
  An orc (D:3)
  4 ball pythons
  A giant cockroach (D:1)
  3 goblins
  3 hobgoblins (D:1)
  2 jackals
  3 kobolds
  A quokka (D:2)
  5 bats
  2 frilled lizards
  5 rats
35 creatures vanquished.

Notes
Turn   | Place    | Note
-------+----------+-------------------------------------------
     0 | D:1      | GrunderHorse the Centaur Arcane Marksman began the quest for the Orb.
     0 | D:1      | Reached XP level 1. HP: 16/16 MP: 2/2
   168 | D:1      | Reached XP level 2. HP: 23/23 MP: 3/3
   195 | D:1      | Learned a level 2 spell: Slow
  1616 | D:2      | Reached XP level 3. HP: 5/29 MP: 4/4
  2991 | D:3      | Killed from afar by an orc wizard

Skill      XL: |  1  2 |
---------------+-------+-----
Bows           | 3 |  3.6
Fighting       | 2 |  2.7
Hexes          | 3 |  3.2
Dodging        | |  1.3
Spellcasting   | |  1.0

Action                   || total
-------------------------++-------
Melee: Whip              ||   118
       Kick              ||    22
 Fire: Shortbow          ||    37
 Cast: Slow              ||     4
  Eat: Chunk             ||     2
       Ration            ||     1
Armor: Robe              ||    69
Dodge: Dodged            ||    93
